 Dungeon Crawl Stone Soup version 0.23.2-1-ga50397a6bc (webtiles) character file.

Game seed: 12528676629572455466

3571 Peloso the Carver (level 9, -2/79 HPs)
             Began as a Minotaur Fighter on May 1, 2019.
             Was an Elder of Okawaru.
             Slain by a deep elf knight
             ... wielding a +0 long sword of slicing
              (16 damage)
             ... on level 9 of the Dungeon.
             The game lasted 00:12:04 (5715 turns).

Peloso the Carver (Minotaur Fighter)                Turns: 5715, Time: 00:12:05

Health: -2/79      AC: 16    Str: 23    XL:     9   Next: 84%
Magic:  6/8        EV: 12    Int:  5    God:    Okawaru [****..]
Gold:   571        SH: 13    Dex: 11    Spells: 8/8 levels left

rFire    . . .     SeeInvis .   a - +2 scimitar
rCold    . . .     Gourm    .   c - +0 shield
rNeg     . . .     Faith    .   z - +0 chain mail
rPois    .         Spirit   .   (helmet restricted)
rElec    .         Reflect  .   J - +0 cloak
rCorr    .         Harm     .   i - +1 pair of gloves
MR       .....                  (no boots)
Stlth    ..........             (no amulet)
HPRegen  0.23/turn              (no ring)
MPRegen  0.11/turn              (no ring)

@: heroism
A: retaliatory headbutt, horns 2
a: Heroism, Renounce Religion


You were on level 9 of the Dungeon.
You worshipped Okawaru.
Okawaru was greatly pleased with you.
You were not hungry.

You visited 2 branches of the dungeon, and saw 10 of its levels.

You collected 571 gold pieces.

Inventory:

Hand Weapons
 a - a +2 scimitar (weapon)
Armour
 b - a +0 scale mail
 c - a +0 shield (worn)
 i - a +1 pair of gloves (worn)
 z - a +0 chain mail (worn)
 J - a +0 cloak (worn)
Jewellery
 B - an uncursed amulet of rage
Wands
 g - a wand of clouds (7)
 r - a wand of flame (33)
 y - a wand of random effects (11)
 E - a wand of iceblast (3)
 G - a wand of paralysis (8)
Scrolls
 e - 2 scrolls of blinking
 j - a scroll of magic mapping {unknown}
 k - a scroll of immolation {unknown}
 p - 2 scrolls of amnesia
 q - 3 scrolls of fear {unknown}
 s - 2 scrolls of enchant armour {unknown}
 t - 2 scrolls of remove curse {unknown}
 x - a scroll of enchant weapon {unknown}
 C - a scroll of noise
 D - a scroll of teleportation {unknown}
 F - a scroll of brand weapon {unknown}
 I - a scroll of identify
Potions
 d - 3 potions of might
 h - a potion of lignification {unknown}
 l - a potion of haste {unknown}
 m - a potion of magic
 n - 2 potions of resistance
 o - 2 potions of flight
 u - 2 potions of curing
 v - 2 potions of heal wounds {unknown}
 w - 2 potions of agility
 A - a potion of ambrosia {unknown}
 H - a potion of berserk rage {unknown}
Comestibles
 f - 17 rations
 K - a chunk of flesh


   Skills:
 + Level 7.5(12.5) Fighting
 + Level 11.1(16.1) Long Blades
 + Level 7.5(12.5) Armour
 + Level 3.4(8.4) Dodging
 + Level 1.7(6.7) Stealth
 + Level 8.1(13.1) Shields
 + Level 0.1 Invocations


You had 8 spell levels left.
You didn't know any spells.
Your spell library was empty.

Dungeon Overview and Level Annotations

Branches:
Dungeon (9/15)             Temple (1/1) D:4            Lair (0/6) D:8
    Orc: D:9-12

Altars:
Elyvilon
Fedhas
Gozag
Hepliaklqana
Kikubaaqudgha
Makhleb
Nemelex Xobeh
Okawaru
Qazlal
Ru
Trog
Uskayaw
Vehumet
Zin
The Shining One

Shops:
D:7 *:

Annotations:
D:5 2 transporters, voshxz's ghost, novice MiBe


Innate Abilities, Weirdness & Mutations

You reflexively headbutt those who attack you in melee.
You have a pair of horns on your head.


Message History

You miss something. You headbutt something. Something hits you!
You completely miss something. Your headbutt misses something.
Something hits you!
You slice something!! Your headbutt misses something.
You block something's attack.
You closely miss something.
You hear some strange, mumbled words.
A shard of ice appears from out of thin air!
You block the shard of ice.
You hear some strange, mumbled words.
A shard of ice appears from out of thin air!
The shard of ice hits you!
* * * LOW HITPOINT WARNING * * *
You gain the combat prowess of a mighty hero.
You hear some strange, mumbled words.
A shard of ice appears from out of thin air!
The shard of ice hits you!!
* * * LOW HITPOINT WARNING * * *
You feel better. Something hits you but does no damage. Something hits you!
You die...

#.## ..# #######
######.### .....<#
#........###
......#####..........#
......'...#...###..#.)+
..<...###.....#a#..# #
......# ###.).#{#..#
##+#### ##.##.@.##
#..###### #+##


You could see a worker ant.

Vanquished Creatures
  A hornet (D:5)
  A spriggan (D:8)
  A hungry ghost (D:8)
  Edmund (D:5)
  2 sky beasts
  A black bear (D:7)
  An ice beast (D:6)
  A phantom (D:6)
  An ogre (D:5)
  6 centaurs
  4 bullfrogs
  2 scorpions (D:6)
  5 wights (D:6)
  9 killer bees (D:7)
  2 howler monkeys
  A crimson imp (D:7)
  A bullfrog zombie (D:5)
  A centaur zombie (D:8)
  2 orc priests
  A hound (D:5)
  A jelly (D:6)
  A gnoll shaman (D:7)
  A bullfrog skeleton (D:2)
  3 iguanas
  A centaur skeleton (D:8)
  5 worker ants
  4 orc wizards
  A killer bee zombie (D:5)
  A hound skeleton (D:7)
  A hound zombie (D:8)
  2 worker ant zombies
  10 adders
  6 gnolls
  An ooze (D:1)
  2 adder skeletons
  An adder zombie (D:6)
  A dart slug (D:2)
  5 leopard geckos
  26 orcs
  5 bats
  6 giant cockroaches
  6 goblins
  3 hobgoblins
  7 jackals
  6 kobolds
  4 quokkas
  A ball python (D:4)
  2 frilled lizards
  A giant cockroach zombie (D:5)
  A leopard gecko zombie (D:5)
  A quokka skeleton (D:4)
  7 rats
167 creatures vanquished.

Notes
Turn   | Place    | Note
-------+----------+-------------------------------------------
     0 | D:1      | Peloso the Minotaur Fighter began the quest for the Orb.
     0 | D:1      | Reached XP level 1. HP: 19/19 MP: 0/0
   202 | D:1      | Reached XP level 2. HP: 27/27 MP: 1/1
   666 | D:2      | Reached XP level 3. HP: 28/33 MP: 2/2
   852 | D:2      | Reached XP level 4. HP: 36/41 MP: 3/3
   933 | D:2      | Found a stormy altar of Qazlal.
   952 | D:2      | Reached skill level 3 in Long Blades
  1095 | D:2      | Found a radiant altar of Vehumet.
  1261 | D:3      | Reached skill level 1 in Dodging
  1263 | D:3      | Reached XP level 5. HP: 32/47 MP: 4/4
  1344 | D:3      | Found a glowing golden altar of the Shining One.
  1388 | D:3      | Reached skill level 4 in Long Blades
  2010 | D:4      | Found a blossoming altar of Fedhas.
  2010 | D:4      | Noticed a centaur
  2016 | D:4      | Killed a centaur
  2016 | D:4      | Reached skill level 5 in Long Blades
  2016 | D:4      | Reached skill level 5 in Armour
  2016 | D:4      | Reached XP level 6. HP: 48/55 MP: 5/5
  2201 | D:4      | Reached skill level 5 in Shields
  2328 | D:4      | Found a staircase to the Ecumenical Temple.
  2337 | Temple   | Entered the Ecumenical Temple
  2363 | Temple   | Became a worshipper of Warmaster Okawaru
  2482 | D:5      | Entered Level 5 of the Dungeon
  2482 | D:5      | Found a transporter.
  2497 | D:5      | Noticed a hungry ghost
  2514 | D:5      | Found a transporter.
  2515 | D:5      | Noticed voshxz's ghost (novice MiBe)
  2553 | D:5      | Reached skill level 5 in Fighting
  2686 | D:5      | Noticed Edmund
  2692 | D:5      | Killed Edmund
  2692 | D:5      | Reached skill level 6 in Long Blades
  2692 | D:5      | Reached XP level 7. HP: 42/61 MP: 6/6
  2808 | D:5      | Reached * piety under Okawaru
  2998 | D:5      | Noticed a hornet
  3004 | D:5      | Killed a hornet
  3025 | D:5      | Reached skill level 7 in Long Blades
  3230 | D:6      | Reached skill level 1 in Stealth
  3230 | D:6      | Reached XP level 8. HP: 69/69 MP: 7/7
  3422 | D:6      | Reached ** piety under Okawaru
  3445 | D:6      | Reached skill level 8 in Long Blades
  3528 | D:6      | Reached skill level 9 in Long Blades
  3760 | D:6      | Reached XP level 9. HP: 72/75 MP: 8/8
  3942 | D:7      | Reached *** piety under Okawaru
  3987 | D:7      | Reached skill level 10 in Long Blades
  4204 | D:7      | Found Tuzej's Assorted Antiques.
  4322 | D:7      | Found Aregepn's Book Boutique.
  5061 | D:8      | Found a staircase to the Lair.
  5265 | D:8      | Reached skill level 11 in Long Blades
  5600 | D:8      | Reached **** piety under Okawaru
  5703 | D:9      | Noticed a deep elf knight
  5714 | D:9      | HP: 2/79 [something/shard of ice (21)]
  5715 | D:9      | Slain by a deep elf knight

Skill      XL: |  1  2  3  4  5  6  7  8  9 |
---------------+----------------------------+-----
Armour         | 4 5 6 7 |  7.5
Fighting       | 4 5 6 7 |  7.5
Shields        | 4 5 6 7 8 |  8.1
Long Blades    | 3 5 6 7 9 11 | 11.1
Dodging        | 1 2 3 |  3.4
Stealth        | 1 |  1.7
Invocations    | |  0.1

Action                   |  1- 3 |  4- 6 |  7- 9 || total
-------------------------+-------+-------+-------++-------
Melee: Long sword        |    48 |   136 |    92 ||   276
       Headbutt          |    11 |    27 |    56 ||    94
       Scimitar          |       |       |   206 ||   206
Invok: Heroism           |       |       |     3 ||     3
  Use: Scroll            |       |     9 |       ||     9
       Potion            |       |       |     1 ||     1
  Eat: Chunk             |       |     5 |    10 ||    15
       Ration            |       |       |     1 ||     1
Armor: Scale mail        |    27 |    70 |    34 ||   131
       Chain mail        |       |       |    61 ||    61
Dodge: Dodged            |    10 |    50 |    67 ||   127
Block: Shield            |    34 |    71 |   152 ||   257
       Rpst.: Long sword |     1 |    17 |    11 ||    29
       Scimitar          |       |       |    12 ||    12
